 Dungeon Crawl Stone Soup version 0.23-a0-301-g9da9e51 (webtiles) character file.

276 bonscott the Skirmisher (level 6, 0/72 HPs)
             Began as a Demonspawn Wanderer on Oct 7, 2018.
             Slain by Pikel
             ... wielding a +2 whip of flaming
              (3 damage)
             ... on level 4 of the Dungeon.
             The game lasted 00:18:23 (3496 turns).

bonscott the Skirmisher (Demonspawn Wanderer)       Turns: 3496, Time: 00:18:24

Health: 0/72       AC: 23    Str: 15    XL:     6   Next: 4%
Magic:  6/6        EV:  2    Int: 12    God:
Gold:   195        SH:  0    Dex: 13    Spells: 5/5 levels left

rFire    . . .     SeeInvis .   w - +0 hand axe
rCold    . . .     Gourm    .   (no shield)
rNeg     + + +     Faith    .   (armour currently unavailable)
rPois    +         Spirit   .   (helmet currently unavailable)
rElec    .         Reflect  .   (cloak currently unavailable)
rCorr    .         Harm     .   (gloves currently unavailable)
MR       .....     NoTele   +   (boots currently unavailable)
Stlth    +++.......             (no amulet)
HPRegen  0.22/turn              (no ring)
MPRegen  0.10/turn              (no ring)

@: tree-form
A: nightstalker 1
a: no special abilities


You were on level 4 of the Dungeon.
You were very hungry.
You were a tree.
You visited 1 branch of the dungeon, and saw 4 of its levels.

You collected 195 gold pieces.

Inventory:

Hand Weapons
 b - a +0 short sword
 l - a +0 spear
 r - a cursed +0 scimitar
 w - a +0 hand axe (weapon)
Missiles
 g - 66 sling bullets
 h - 7 javelins
 i - 29 bolts
 p - 2 curare-tipped needles
 q - 57 stones (quivered)
 x - 10 tomahawks
 y - 18 arrows
 B - 13 poisoned needles
Armour
 a - a +2 scale mail (melded)
Jewellery
 o - a cursed ring of attention {unknown}
 F - a +5 ring of intelligence {unknown}
Wands
 z - a wand of iceblast (10)
Scrolls
 k - 2 scrolls of identify {unknown}
 s - 2 scrolls of fog {unknown}
 t - a scroll of remove curse {unknown}
 v - a scroll of noise {unknown}
 E - a scroll of magic mapping {unknown}
Potions
 c - 2 potions of curing
 e - a potion of heal wounds {unknown}
 f - a potion of ambrosia {unknown}
 j - a potion of lignification
 m - a potion of brilliance {unknown}
 n - a potion of flight {unknown}
 u - 2 potions of degeneration {unknown}
 A - a potion of invisibility {unknown}
 C - a potion of magic {unknown}
 D - 2 potions of haste {unknown}
Comestibles
 d - 7 rations


   Skills:
 - Level 4.0 Fighting
 - Level 1.2 Short Blades
   Level 1.7 Bows
 - Level 1.0 Throwing
 - Level 3.5 Armour
 - Level 3.1 Dodging
 + Level 1.6 Stealth


You had 5 spell levels left.
You didn't know any spells.
Your spell library was empty.

Dungeon Overview and Level Annotations

Branches:
Dungeon (4/15)
 Temple: D:4-7

Altars:

Shops:
D:4 %

Annotations:
D:4 Pikel


Innate Abilities, Weirdness & Mutations

((You have very sharp fingernails.))
((You have large cloven feet.))
You are slightly more attuned to the shadows.


Message History

Your roots penetrate the ground.
The slave hits you but does no damage.
You cannot move.
You hit the slave.
The slave is lightly wounded.
The slave completely misses you.
You barely miss the slave.
The slave is lightly wounded.
The slave hits you but does no damage. The slave hits you.
* * * LOW HITPOINT WARNING * * *
You hit the slave.
The slave is heavily wounded.
You hit Pikel.
Pikel is lightly wounded.
You closely miss Pikel.
Pikel is lightly wounded.
Pikel hits you but does no damage.
You closely miss Pikel.
Pikel is lightly wounded.
Pikel hits you with a whip of flaming.
You die...

....#.# #.###.#
....#.# #.#...#
....#.#####.#.###
#.#
...##.#.....#...#
#.#
...##.#.#####.###
... ...>..#.# #.#
#.# ...##.#.# #.#
#.# ...####.#
#.#####.#
...##...#
#...♣Kpp#
...##.###
######p.# ...##.#
##..p#..# ...##.#
....p...# #####.#
.#.#.##.# #.# ...
?.# ###'##### #..
..## #.......#
#..... #.......#
#..#.#


You could see Pikel and 3 slaves.

Vanquished Creatures
  An ice beast (D:3)
  A centaur skeleton (D:4)
  An orc wizard (D:3)
  A gnoll (D:1)
  5 adders
  An ooze (D:1)
  An adder skeleton (D:4)
  A worm (D:3)
  4 dart slugs
  3 leopard geckos
  7 orcs (D:3)
  2 giant cockroaches
  8 hobgoblins
  2 jackals (D:1)
  3 kobolds
  A ball python (D:4)
  3 bats
  4 frilled lizards (D:1)
  2 goblins (D:1)
  7 rats
58 creatures vanquished.

Notes
Turn   | Place    | Note
-------+----------+-------------------------------------------
     0 | D:1      | bonscott the Demonspawn Wanderer began the quest for the
                  | Orb.
     0 | D:1      | bonscott set off with: a +2 scale mail, a +0 short sword, a
                  | potion of curing, a ration
     0 | D:1      | Reached XP level 1. HP: 18/18 MP: 1/1
   109 | D:1      | Gained mutation: You are slightly more attuned to the
                  | shadows. [demonic ancestry]
   109 | D:1      | Reached XP level 2. HP: 23/24 MP: 2/2
   504 | D:1      | Gained mutation: You have large cloven feet. [demonic
                  | ancestry]
   504 | D:1      | Reached XP level 3. HP: 25/30 MP: 3/3
   677 | D:1      | Reached skill level 4 in Fighting
  1182 | D:2      | Gained mutation: You have sharp fingernails. [demonic
                  | ancestry]
  1182 | D:2      | Reached XP level 4. HP: 35/37 MP: 4/4
  2303 | D:3      | Gained mutation: You have very sharp fingernails. [demonic
                  | ancestry]
  2303 | D:3      | Reached XP level 5. HP: 28/42 MP: 5/5
  2665 | D:3      | Noticed an ice beast
  2696 | D:3      | Killed an ice beast
  3225 | D:4      | Reached XP level 6. HP: 39/48 MP: 6/6
  3383 | D:4      | Found Cexastrae's Food Emporium.
  3475 | D:4      | Noticed a slave
  3477 | D:4      | Noticed Pikel
  3477 | D:4      | Noticed a slave
  3477 | D:4      | Noticed a slave
  3477 | D:4      | Noticed a slave
  3492 | D:4      | HP: 2/72 [slave[Pikel] (3)]
  3496 | D:4      | Slain by Pikel

Vault maps used:
D:1:      dpeg_arrival_ternary
D:2:      grunt_ministairs_11, minivault_14, minmay_split_cup_large
D:3:      wad_pebble_path, first_ration
D:4:      ebering_ghost_rock_garden, serial_shops, nicolae_shop_waterfront,
          uniq_pikel

Skill      XL: |  1  2  3  4  5 |
---------------+----------------+-----
Fighting       | 4 |  4.0
Dodging        | 2 3 |  3.1
Armour         | 2 3 |  3.5
Short Blades   | |  1.2
Bows           | |  1.7
Throwing       | |  1.0
Stealth        | |  1.6

Action                   |  1- 3 |  4- 6 || total
-------------------------+-------+-------++-------
Melee: Short sword       |   135 |    70 ||   205
       Kick              |    15 |    32 ||    47
       Hand axe          |       |    65 ||    65
Throw: Stone             |    13 |    28 ||    41
       Throwing net      |       |     1 ||     1
       Javelin           |       |     3 ||     3
  Use: Potion            |       |     1 ||     1
  Eat: Chunk             |     1 |     6 ||     7
Armor: Scale mail        |    64 |    72 ||   136
       Skin              |       |     3 ||     3
Dodge: Dodged            |    50 |    56 ||   106

Table legend:
 A = Non-vault XP
 B = Vault XP
 C = Vault XP percentage of total XP
 D = Non-vault monster count
 E = Vault monster count
 F = Vault count percentage of total count
                 A         B        C        D         E       F
            +---------+---------+-------+---------+---------+-------
      Total |     363 |      32 |   8.1 |      52 |       6 |  10.3
            +---------+---------+-------+---------+---------+-------
        D:1 |      63 |       0 |   0.0 |      25 |       0 |   0.0
        D:2 |      46 |      32 |  41.0 |      11 |       6 |  35.3
        D:3 |     211 |       0 |   0.0 |      13 |       0 |   0.0
        D:4 |      43 |       0 |   0.0 |       3 |       0 |   0.0
            +---------+---------+-------+---------+---------+-------
